 Dungeon Crawl Stone Soup version 0.21.1-1-g345015f (webtiles) character file.

53 Dfrag the Conjurer (level 3, -3/28 HPs)
             Began as a Naga Conjurer on Feb 20, 2018.
             Slain by an adder (5 damage)
             ... on level 2 of the Dungeon.
             The game lasted 00:01:23 (798 turns).

Dfrag the Conjurer (Naga Conjurer)                   Turns: 798, Time: 00:01:23

Health: -3/28      AC:  2    Str:  7 (10) XL:     3   Next: 89%
Magic:  0/7        EV:  9    Int: 15 (16) God:
Gold:   130        SH:  0    Dex:  8 (11) Spells: 5/8 levels left

rFire    . . .     SeeInvis +   i - +0 whip (pain)
rCold    . . .     Gourm    .   (no shield)
rNeg     . . .     Faith    .   a - +0 robe
rPois    +         Spirit   .   (no helmet)
rElec    .         Reflect  .   (no cloak)
rCorr    .         Harm     .   (no gloves)
MR       .....                  (no barding)
Stlth    ++........             (no amulet)
HPRegen  0.09/turn              (no ring)
MPRegen  0.10/turn              (no ring)

@: short of breath, very slow
A: large, see invisible, deformed body, poison resistance, slowness 2, slow
metabolism 1, spit poison 1, AC +1
a: Spit Poison


You were on level 2 of the Dungeon.
You were very hungry.

You visited 1 branch of the dungeon, and saw 2 of its levels.

You collected 130 gold pieces.

Inventory:

Hand Weapons
 i - a +0 whip of pain (weapon)
Armour
 a - a +0 robe (worn)
Scrolls
 d - 5 scrolls of remove curse {unknown}
 g - 2 scrolls of teleportation {unknown}
 h - a scroll of enchant armour {unknown}
 j - 2 scrolls of identify {unknown}
Potions
 e - a potion of degeneration
 k - a potion of might {unknown}
Books
 b - a book of Conjurations

   Spells                             Type                      Level
   a - Magic Dart                     Conjuration                  1
   b - Searing Ray                    Conjuration                  2
   c - Dazzling Spray                 Conjuration/Hexes            3
   d - Fulminant Prism                Conjuration/Hexes            4
   e - Force Lance                    Conjuration/Translocation    4
   f - Iskenderun's Mystic Blast      Conjuration                  4
Comestibles
 c - 4 rations


   Skills:
 - Level 1.5 Dodging
 - Level 3.0 Stealth
 + Level 3.0 Spellcasting
 + Level 4.7 Conjurations


You had 5 spell levels left.
You knew the following spells:

 Your Spells              Type           Power        Failure   Level  Hunger
a - Magic Dart            Conj           ###.         2%          1    #......
b - Searing Ray           Conj           ###...       4%          2    ##.....


Dungeon Overview and Level Annotations

Branches:
Dungeon (2/15)

Altars:


Innate Abilities, Weirdness & Mutations

You cannot wear boots.
Your serpentine skin is tough. (AC +1)
You have supernaturally acute eyesight. (SInv)
Armour fits poorly on your strangely shaped body.
Your system is resistant to poisons. (rPois)
You cover ground very slowly.
You have a slow metabolism.
You can spit poison.


Message History

Confirm with . or Enter, or press ? or * to list all spells.
Aiming: Magic Dart
Press: ? - help, Shift-Dir - straight line, f/p - adder
Aim: an adder (heavily wounded)
The magic dart hits the adder.
The adder is severely wounded.
The adder bites you.
* * * LOW HITPOINT WARNING * * *
Casting: Magic Dart
Confirm with . or Enter, or press ? or * to list all spells.
You don't have enough magic to cast that spell.
Unknown command.
It was a potion of degeneration.
There was something very wrong with that liquid.
You feel weakened.
You feel dopey.
You feel clumsy. The adder barely misses you.
Unknown command.
It was a potion of cancellation.
You feel magically purged. The adder bites you.
You die...

###########################
................@SK..†.....
#.#################.#####.
#.# #.# #.# #.# #.#
#...S[.# #.# #....K.+ #.#
#......# #.# +......# ###
#......#


You could see an adder and a kobold.

Vanquished Creatures
  2 adders (D:2)
  A worm (D:2)
  3 leopard geckos
  5 bats
  4 giant cockroaches
  3 hobgoblins
  2 goblins
  4 kobolds
  4 rats
28 creatures vanquished.

Notes
Turn   | Place    | Note
-------+----------+-------------------------------------------
     0 | D:1      | Dfrag the Naga Conjurer began the quest for the Orb.
     0 | D:1      | Reached XP level 1. HP: 15/15 MP: 3/3
   129 | D:1      | Reached XP level 2. HP: 18/22 MP: 1/5
   202 | D:1      | Learned a level 2 spell: Searing Ray
   576 | D:2      | Reached XP level 3. HP: 22/28 MP: 1/6
   798 | D:2      | Slain by an adder

Skill      XL: |  1  2  3 |
---------------+----------+-----
Spellcasting   | 3 |  3.0
Dodging        | |  1.5
Stealth        | |  3.0
Conjurations   | |  4.7

Action                   || total
-------------------------++-------
Melee: Unarmed           ||    11
       Whip              ||    12
 Cast: Magic Dart        ||    51
       Searing Ray       ||     1
 Abil: Spit Poison       ||    19
  Use: Potion            ||     2
Armor: Robe              ||    12
Dodge: Dodged            ||    39
